 Dungeon Crawl Stone Soup version 0.26.1-2-gb8aa6d0cf2 (webtiles) character file.

Game seed: 16546294911409900367

235 windgrace the Magician (level 5, -3/32 HPs)
             Began as a Deep Elf Hedge Wizard on Feb 16, 2021.
             Was an Initiate of Sif Muna.
             Slain by a river rat (8 damage)
             ... summoned by Eustachio
             ... on level 4 of the Dungeon.
             The game lasted 00:17:33 (5032 turns).

windgrace the Magician (Deep Elf Hedge Wizard)      Turns: 5032, Time: 00:17:35

Health: -3/32      AC:  3    Str:  7    XL:     5   Next: 76%
Magic:  1/14       EV: 13    Int: 20    God:    Sif Muna [......]
Gold:   255        SH:  0    Dex: 14    Spells: 4/14 levels left

rFire    . . .     SeeInvis .   p - +2 trident (vorpal)
rCold    . . .     Faith    .   (no shield)
rNeg     . . .     Spirit   .   b - +0 robe
rPois    .         Reflect  .   m - +0 helmet
rElec    .         Harm     .   (no cloak)
rCorr    .         Rampage  .   (no gloves)
Will     .....                  (no boots)
Stlth    ++........             (no amulet)
HPRegen  0.10/turn              (no ring)
MPRegen  0.14/turn              (no ring)

@: very slightly contaminated
A: no striking features
a: Renounce Religion


You were on level 4 of the Dungeon.
You worshipped Sif Muna.
Sif Muna was noncommittal.
You visited 1 branch of the dungeon, and saw 4 of its levels.

You collected 255 gold pieces.

Inventory:

Hand Weapons
 a - a +0 dagger
 k - a +2 dagger of protection
 p - a +2 vorpal trident (weapon)
Missiles
 e - 33 poisoned darts
Armour
 b - a +0 robe (worn)
 c - a +0 hat
 m - a +0 helmet (worn)
 r - a +0 buckler
Wands
 o - a wand of acid (11)
Scrolls
 d - 3 scrolls of fog {unknown}
 f - 8 scrolls of identify {unknown}
 g - a scroll of immolation {unknown}
 h - 4 scrolls of remove curse {unknown}
 i - a scroll of magic mapping {unknown}
 j - 2 scrolls of fear {unknown}
 l - 5 scrolls of teleportation {unknown}
Potions
 n - a potion of attraction {unknown}
 q - a potion of lignification {unknown}


   Skills:
 - Level 3.0 Fighting
 - Level 0.2 Short Blades
 - Level 2.4 Dodging
 - Level 2.4 Stealth
 - Level 5.0 Spellcasting
 - Level 4.0 Conjurations
 + Level 1.8 Summonings
 - Level 1.1 Translocations


You had 4 spell levels left.
You knew the following spells:

 Your Spells              Type           Power        Failure   Level
a - Magic Dart            Conj           84%          2%          1
b - Call Imp              Summ           12%          9%          2
c - Inner Flame           Hex/Fire       5%           34%         3
d - Sticky Flame          Conj/Fire      13%          45%         4

Your spell library contained the following spells:

 Spells                   Type           Power        Failure   Level
 Blink                    Tloc           N/A          11%         2
 Sandblast                Erth           10%          12%         1
 Conjure Flame            Conj/Fire      13%          16%         3
 Slow                     Hex            5%           17%         2
 Mephitic Cloud           Conj/Pois/Air  10%          21%         3
 Borgnjor's Vile Clutch   Necr/Erth      2%           97%         5
 Starburst                Conj/Fire      6%           100%        6


Dungeon Overview and Level Annotations

Branches:
Dungeon (4/15)
 Temple: D:4-7

Altars:
Ashenzari
Cheibriados
Sif Muna
Wu Jian

Annotations:
D:4 Eustachio


Message History

The quasit barely misses you.
The quasit claws you but does no damage.
Your crimson imp misses Eustachio.
Eustachio hits your crimson imp with a +0 rapier.
The river rat bites you.
* * * LOW HITPOINT WARNING * * *
Your white imp disappears in a puff of smoke!
Your crimson imp closely misses Eustachio.
The bat hits you but does no damage.
Your crimson imp blinks!
The river rat bites you.
* * * LOW HITPOINT WARNING * * *
There is a stone staircase leading up here.
The quasit completely misses you. The quasit barely misses you.
The quasit closely misses you.
Your crimson imp blinks!
The quasit misses you.
The quasit claws you but does no damage. x2
The river rat bites you!
You die...

##.......# ##........##
##..........##
####............##
##................##
###..................#
#..<.................#
.....................#
.##...........5@.....#
##..........rrr5...#
#.........b.@.....#
#.........§.5.....#
#.................#
##.................#
####..................#
r§......[............5#
......................#


You could see Eustachio, a quasit (summoned), a crimson imp (summoned), 3 river
rats, a bat (summoned) and 2 friendly crimson imps.

Vanquished Creatures
  A hound (D:4)
  A howler monkey skeleton (D:3)
  5 adders
  2 oozes
  3 worms
  4 dart slugs
  A leopard gecko (D:1)
  2 orcs (D:3)
  3 ball pythons
  6 bats
  6 giant cockroaches
  7 goblins
  5 hobgoblins (D:2)
  2 jackals (D:3)
  3 quokkas
  4 frilled lizards
  7 kobolds
  A leopard gecko skeleton (D:4)
  4 rats
67 creatures vanquished.

Vanquished Creatures (collateral kills)
  A jelly (D:3)
  Ijyb (D:4)
  An ooze (D:3)
  A worm (D:3)
  2 orcs (D:3)
  A giant cockroach (D:4)
  A hobgoblin (D:3)
  A jackal (D:3)
  A kobold (D:3)
10 creatures vanquished.

Grand Total: 77 creatures vanquished

Notes
Turn   | Place    | Note
-------+----------+-------------------------------------------
     0 | D:1      | windgrace the Deep Elf Hedge Wizard began the quest for the
                  | Orb.
     0 | D:1      | Reached XP level 1. HP: 10/10 MP: 7/7
   372 | D:1      | Reached skill level 5 in Spellcasting
   398 | D:1      | Reached XP level 2. HP: 15/15 MP: 8/10
   421 | D:1      | Learned a level 2 spell: Call Imp
  1381 | D:2      | Reached XP level 3. HP: 14/19 MP: 1/11
  2130 | D:2      | Reached XP level 4. HP: 18/24 MP: 10/13
  3325 | D:3      | Found an ornate altar of the Wu Jian Council.
  3333 | D:3      | Reached skill level 1 in Fighting
  3348 | D:3      | Reached XP level 5. HP: 17/30 MP: 4/14
  3541 | D:3      | Identified Xicuinaoc's Almanac of the Flamy Mountains
  3547 | D:3      | Learned a level 3 spell: Inner Flame
  3552 | D:3      | Learned a level 4 spell: Sticky Flame
  3907 | D:3      | Found a broken altar of Ashenzari.
  3931 | D:3      | Found a shimmering blue altar of Sif Muna.
  3948 | D:3      | Became a worshipper of Sif Muna the Loreminder
  4107 | D:3      | Found a snail-covered altar of Cheibriados.
  4365 | D:4      | Noticed Ijyb
  4403 | D:4      | Killed Ijyb
  4704 | D:4      | Noticed Eustachio
  5032 | D:4      | Slain by a river rat

Illustrated notes

Levels and vault maps discovered:
D:1:      nagdon_arrival_double_spiral, layout_basic
D:2:      layout_basic, ebering_dispersal_statue_hall
D:3:      minmay_spotlight, layout_basic, minitemple, lemuel_round_altar,
          lemuel_crystal_altar, minmay_checkerbox
D:4:      layout_layer_cave, kennysheep_little_box, grunt_dithmenos_shadows,
          uniq_ijyb, uniq_natasha, uniq_eustachio

Skill      XL: |  1  2  3  4  5 |
---------------+----------------+-----
Spellcasting   | 5 |  5.0
Conjurations   | 2 3 4 |  4.0
Fighting       | 1 3 |  3.0
Short Blades   | |  0.2
Dodging        | |  2.4
Stealth        | |  2.4
Summonings     | |  1.8
Translocations | |  1.1

Action                   |  1- 3 |  4- 6 || total
-------------------------+-------+-------++-------
Melee: Dagger            |    28 |    31 ||    59
       Trident           |       |    23 ||    23
 Cast: Magic Dart        |    91 |    66 ||   157
       Call Imp          |       |    28 ||    28
       Inner Flame       |       |     2 ||     2
  Use: Potion            |       |     1 ||     1
 Stab: Distracted        |       |     1 ||     1
       Sleeping          |       |     1 ||     1
Armor: Robe              |    10 |    23 ||    33
Dodge: Dodged            |    18 |    69 ||    87
